TOP OF THE 1ST |
Huntington Hermit Crabs batting - Pitching for Smoky Mountain Hobeaus : RHP Ricardo Romo
|
Pitching: RHP Ricardo Romo
|
|
Batting: RHB Kinnosuke Ozaki
|
0-0: Ball 1-0: Ball 2-0: Ball 3-0: Called Strike 3-1: Base on Balls
|
Batting: LHB I-gap Ch'a
|
0-0: Ball 1-0: Called Strike 1-1: Grounds into double play, 6-4-3 (Groundball, 6M, EV 81.2 MPH)
|
Batting: LHB Iván Marrero
|
0-0: Ground out U3 (Groundball, 3L, EV 75.6 MPH)
|
Top of the 1st over - 0 runs, 0 hits, 0 errors, 0 left on base; Huntington 0 - Smoky Mountain 0 |
BOTTOM OF THE 1ST |
Smoky Mountain Hobeaus batting - Pitching for Huntington Hermit Crabs : RHP Ji-chor Ho
|
Pitching: RHP Ji-chor Ho
|
|
Batting: RHB O-min Yi
|
0-0: Ball 1-0: Called Strike 1-1: Swinging Strike 1-2: Ball 2-2: Strikes out swinging
|
Batting: LHB Luis Chávez
|
0-0: Ball 1-0: Foul Ball, location: 2F 1-1: Ball 2-1: Called Strike 2-2: Strikes out swinging
|
Batting: SHB Cheol-chung Yi
|
0-0: SINGLE (Line Drive, 8LS, EV 102.5 MPH)
|
Batting: LHB Qui-li Jin
|
0-0: Called Strike 0-1: Foul Ball, location: 2F 0-2: Ball 1-2: SINGLE (Line Drive, 34D, EV 94.4 MPH) Cheol-chung Yi to second
|
Batting: RHB Gustave Garavini
|
0-0: Called Strike 0-1: Fielders Choice at 2nd, 6-4 (Groundball, 6, EV 76.9 MPH)
|
Bottom of the 1st over - 0 runs, 2 hits, 0 errors, 2 left on base; Huntington 0 - Smoky Mountain 0 |
TOP OF THE 2ND |
Huntington Hermit Crabs batting - Pitching for Smoky Mountain Hobeaus : RHP Ricardo Romo
|
Batting: LHB Hye-yeon Kim
|
0-0: Swinging Strike 0-1: Ball 1-1: Foul Ball, location: 2F 1-2: Strikes out swinging
|
Batting: RHB Ahti Riikonen
|
0-0: Ball 1-0: SOLO HOME RUN (Flyball, 7D, EV 106.2 MPH), Distance : 404 ft
|
Batting: SHB Dale Wallace
|
0-0: Called Strike 0-1: Ball 1-1: Foul Ball, location: 2F 1-2: Ball 2-2: SINGLE (Line Drive, 56D, EV 99.4 MPH)
|
Batting: RHB Diego Altagracia
|
0-0: Called Strike 0-1: Swinging Strike 0-2: Ball 1-2: SINGLE (Groundball, 4S, EV 68.1 MPH) (infield hit) Dale Wallace to second
|
Batting: LHB Santiago Montoya
|
0-0: Called Strike 0-1: Ball 1-1: Ball 2-1: Ball 3-1: Called Strike 3-2: Ground out 3-1 (Groundball, 13, EV 88.8 MPH) Dale Wallace to third Diego Altagracia to second
|
Batting: RHB Wade Kinsey
|
0-0: Foul Ball, location: 2F 0-1: SINGLE (Groundball, 3L, EV 102.5 MPH) Dale Wallace scores Diego Altagracia to third
|
Batting: RHB Kinnosuke Ozaki
|
0-0: Ball 1-0: Ball 2-0: Called Strike 2-1: Foul Ball, location: 2F 2-2: Foul Ball, location: 2F 2-2: Ball 3-2: Foul Ball, location: 2F 3-2: Base on Balls Wade Kinsey to second
|
Batting: LHB I-gap Ch'a
|
0-0: Ball 1-0: Called Strike 1-1: Ball 2-1: Called Strike 2-2: Strikes out swinging
|
Top of the 2nd over - 2 runs, 4 hits, 0 errors, 3 left on base; Huntington 2 - Smoky Mountain 0 |
BOTTOM OF THE 2ND |
Smoky Mountain Hobeaus batting - Pitching for Huntington Hermit Crabs : RHP Ji-chor Ho
|
Batting: LHB Jack Washington
|
0-0: Ball 1-0: SINGLE (Line Drive, 4D, EV 97.5 MPH)
|
Batting: RHB Graeme Wilshaw
|
0-0: Called Strike 0-1: Called Strike 0-2: Ball 1-2: Strikes out swinging
|
Batting: LHB Dale Edwards
|
0-0: Called Strike Jack Washington steals 2nd base 0-1: Ball 1-1: Ground out 6-3 (Groundball, P, EV 85.0 MPH) Jack Washington to third
|
Batting: SHB Lyndon Tipton
|
0-0: Swinging Strike 0-1: Foul Ball, location: 2F 0-2: Ground out 4-3 (Groundball, 4, EV 76.9 MPH)
|
Bottom of the 2nd over - 0 runs, 1 hit, 0 errors, 1 left on base; Huntington 2 - Smoky Mountain 0 |
TOP OF THE 3RD |
Huntington Hermit Crabs batting - Pitching for Smoky Mountain Hobeaus : RHP Ricardo Romo
|
Batting: LHB Iván Marrero
|
0-0: Foul Ball, location: 2F 0-1: Hit by Pitch
|
Batting: LHB Hye-yeon Kim
|
0-0: Ball 1-0: Foul Ball, location: 2F 1-1: Foul Ball, location: 2F 1-2: Foul Ball, location: 2F 1-2: Fly out, F7 (Flyball, 7S, EV 75.6 MPH)
|
Batting: RHB Ahti Riikonen
|
0-0: Called Strike Iván Marrero steals 2nd base 0-1: Called Strike 0-2: Ball 1-2: Strikes out swinging
|
Batting: SHB Dale Wallace
|
0-0: Ground out 3-1 (Groundball, 34, EV 101.9 MPH)
|
Top of the 3rd over - 0 runs, 0 hits, 0 errors, 1 left on base; Huntington 2 - Smoky Mountain 0 |
BOTTOM OF THE 3RD |
Smoky Mountain Hobeaus batting - Pitching for Huntington Hermit Crabs : RHP Ji-chor Ho
|
Batting: RHB O-min Yi
|
0-0: Ball 1-0: Ball 2-0: Ball 3-0: Called Strike 3-1: Foul Ball, location: 2F 3-2: SINGLE (Line Drive, 8RS, EV 109.4 MPH)
|
Batting: LHB Luis Chávez
|
0-0: Called Strike 0-1: Ball 1-1: Ball 2-1: SINGLE (Flyball, 9S, EV 89.4 MPH) O-min Yi to second Runner from 2nd tries for 3rd, SAFE, no throw by RF
|
Batting: SHB Cheol-chung Yi
|
0-0: Called Strike 0-1: Called Strike 0-2: Ball 1-2: Ball 2-2: Strikes out swinging
|
Batting: LHB Qui-li Jin
|
0-0: Fielders Choice at 2nd, 6-4 (Groundball, 6, EV 98.8 MPH) O-min Yi scores
|
Batting: RHB Gustave Garavini
|
0-0: Ground out 4-3 (Groundball, 4, EV 88.1 MPH)
|
Bottom of the 3rd over - 1 run, 2 hits, 0 errors, 1 left on base; Huntington 2 - Smoky Mountain 1 |
TOP OF THE 4TH |
Huntington Hermit Crabs batting - Pitching for Smoky Mountain Hobeaus : RHP Ricardo Romo
|
Batting: RHB Diego Altagracia
|
0-0: Ball 1-0: Foul Ball, location: 2F 1-1: Ground out 5-3 (Groundball, 56, EV 103.8 MPH)
|
Batting: LHB Santiago Montoya
|
0-0: Ball 1-0: Foul Ball, location: 2F 1-1: Ball 2-1: Ball 3-1: Swinging Strike 3-2: Foul Ball, location: 2F 3-2: Ground out 4-3 (Groundball, 4, EV 104.4 MPH)
|
Batting: RHB Wade Kinsey
|
0-0: Ball 1-0: Swinging Strike 1-1: Ball 2-1: Foul Ball, location: 2F 2-2: Ball 3-2: Foul Ball, location: 2F 3-2: Base on Balls
|
Batting: RHB Kinnosuke Ozaki
|
0-0: Ball 1-0: Ball 2-0: Ground out 3-1 (Groundball, 34, EV 91.2 MPH)
|
Top of the 4th over - 0 runs, 0 hits, 0 errors, 1 left on base; Huntington 2 - Smoky Mountain 1 |
BOTTOM OF THE 4TH |
Smoky Mountain Hobeaus batting - Pitching for Huntington Hermit Crabs : RHP Ji-chor Ho
|
Batting: LHB Jack Washington
|
0-0: SINGLE (Flyball, 56D, EV 91.2 MPH)
|
Batting: RHB Graeme Wilshaw
|
0-0: Ball 1-0: Ball 2-0: Called Strike 2-1: Called Strike 2-2: SINGLE (Line Drive, 7S, EV 105.0 MPH) Jack Washington to second
|
Batting: LHB Dale Edwards
|
0-0: Foul Ball, location: 2F 0-1: Fly out, F7 (Flyball, 7LD, EV 87.5 MPH)
|
Batting: SHB Lyndon Tipton
|
0-0: Ball 1-0: Swinging Strike 1-1: Ball 2-1: Called Strike 2-2: Foul Ball, location: 2F 2-2: Ball 3-2: Strikes out looking
|
Batting: RHB O-min Yi
|
0-0: Called Strike 0-1: Ground out 5-3 (Groundball, 56S, EV 66.2 MPH)
|
Bottom of the 4th over - 0 runs, 2 hits, 0 errors, 2 left on base; Huntington 2 - Smoky Mountain 1 |
TOP OF THE 5TH |
Huntington Hermit Crabs batting - Pitching for Smoky Mountain Hobeaus : RHP Ricardo Romo
|
Batting: LHB I-gap Ch'a
|
0-0: Swinging Strike 0-1: Swinging Strike 0-2: Ball 1-2: Foul Ball, location: 2F 1-2: Foul Ball, location: 2F 1-2: Ball 2-2: Strikes out looking
|
Batting: LHB Iván Marrero
|
0-0: Foul Ball, location: 2F 0-1: Ball 1-1: Foul Ball, location: 2F 1-2: Strikes out swinging
|
Batting: LHB Hye-yeon Kim
|
0-0: Ball 1-0: Ball 2-0: Ball 3-0: Called Strike 3-1: Base on Balls
|
Batting: RHB Ahti Riikonen
|
0-0: Ball 1-0: Swinging Strike 1-1: Foul Ball, location: 2F 1-2: Ball 2-2: Ball 3-2: Strikes out swinging
|
Top of the 5th over - 0 runs, 0 hits, 0 errors, 1 left on base; Huntington 2 - Smoky Mountain 1 |
BOTTOM OF THE 5TH |
Smoky Mountain Hobeaus batting - Pitching for Huntington Hermit Crabs : RHP Ji-chor Ho
|
Batting: LHB Luis Chávez
|
0-0: Foul Ball, location: 2F 0-1: Foul Ball, location: 2F 0-2: Strikes out swinging
|
Batting: SHB Cheol-chung Yi
|
0-0: Foul Ball, location: 2F 0-1: Ground out 5-3 (Groundball, 5, EV 85.0 MPH)
|
Batting: LHB Qui-li Jin
|
0-0: Called Strike 0-1: Swinging Strike 0-2: Strikes out swinging
|
Bottom of the 5th over - 0 runs, 0 hits, 0 errors, 0 left on base; Huntington 2 - Smoky Mountain 1 |
TOP OF THE 6TH |
Huntington Hermit Crabs batting - Pitching for Smoky Mountain Hobeaus : RHP Ricardo Romo
|
Batting: SHB Dale Wallace
|
0-0: Called Strike 0-1: Foul Ball, location: 2F 0-2: Ball 1-2: Strikes out swinging
|
Batting: RHB Diego Altagracia
|
0-0: Called Strike 0-1: Called Strike 0-2: Foul Ball, location: 2F 0-2: Ball 1-2: Foul Ball, location: 2F 1-2: Ball 2-2: Foul Ball, location: 2F 2-2: Strikes out swinging
|
Pitching: RHP Bruno Dares
|
|
Batting: LHB Santiago Montoya
|
0-0: Called Strike 0-1: Called Strike 0-2: Strikes out looking
|
Top of the 6th over - 0 runs, 0 hits, 0 errors, 0 left on base; Huntington 2 - Smoky Mountain 1 |
BOTTOM OF THE 6TH |
Smoky Mountain Hobeaus batting - Pitching for Huntington Hermit Crabs : RHP Ji-chor Ho
|
Batting: RHB Gustave Garavini
|
0-0: Foul Ball, location: 2F 0-1: Swinging Strike 0-2: Ball 1-2: Strikes out swinging
|
Batting: LHB Jack Washington
|
0-0: Called Strike 0-1: Ball 1-1: Ball 2-1: SINGLE (Line Drive, 7LS, EV 111.9 MPH)
|
Batting: RHB Graeme Wilshaw
|
0-0: Called Strike 0-1: Ball 1-1: Foul Ball, location: 2F 1-2: Strikes out swinging
|
Batting: LHB Dale Edwards
|
0-0: Swinging Strike 0-1: Ball 1-1: Ball 2-1: Called Strike 2-2: Ball 3-2: Fly out, F6 (Line Drive, 6, EV 70.6 MPH)
|
Bottom of the 6th over - 0 runs, 1 hit, 0 errors, 1 left on base; Huntington 2 - Smoky Mountain 1 |
TOP OF THE 7TH |
Huntington Hermit Crabs batting - Pitching for Smoky Mountain Hobeaus : RHP Bruno Dares
|
Batting: RHB Wade Kinsey
|
0-0: Called Strike 0-1: Ball 1-1: Foul Ball, location: 2F 1-2: Foul Ball, location: 2F 1-2: Strikes out swinging
|
Batting: RHB Kinnosuke Ozaki
|
0-0: Ball 1-0: Foul Ball, location: 2F 1-1: Called Strike 1-2: Strikes out swinging
|
Batting: LHB I-gap Ch'a
|
0-0: Ball 1-0: Foul Ball, location: 2F 1-1: Fly out, F7 (Line Drive, 7, EV 95.6 MPH)
|
Top of the 7th over - 0 runs, 0 hits, 0 errors, 0 left on base; Huntington 2 - Smoky Mountain 1 |
BOTTOM OF THE 7TH |
Smoky Mountain Hobeaus batting - Pitching for Huntington Hermit Crabs : RHP Ji-chor Ho
|
Batting: SHB Lyndon Tipton
|
0-0: Ball 1-0: Foul Ball, location: 2F 1-1: Ball 2-1: Foul Ball, location: 2F 2-2: Ground out 4-3 (Groundball, 4, EV 87.5 MPH)
|
Batting: RHB O-min Yi
|
0-0: Ball 1-0: Called Strike 1-1: Swinging Strike 1-2: Reached on error, E3 (Groundball, 34S, EV 89.4 MPH)
|
Batting: LHB Luis Chávez
|
0-0: Called Strike 0-1: Ball 1-1: Foul Ball, location: 2F 1-2: Ball 2-2: Foul Ball, location: 2F 2-2: Fly out, F8 (Line Drive, 8RD, EV 95.6 MPH)
|
Batting: SHB Cheol-chung Yi
|
0-0: Ball 1-0: Foul Ball, location: 2F 1-1: SINGLE (Line Drive, 56D, EV 103.1 MPH) O-min Yi to second
|
Pitching: RHP Clifton Ladd
|
|
Batting: LHB Qui-li Jin
|
0-0: Ball 1-0: Fielders Choice at 2nd, U4 (Groundball, 4M, EV 87.5 MPH)
|
Bottom of the 7th over - 0 runs, 1 hit, 1 error, 2 left on base; Huntington 2 - Smoky Mountain 1 |
TOP OF THE 8TH |
Huntington Hermit Crabs batting - Pitching for Smoky Mountain Hobeaus : RHP Bruno Dares
|
Batting: LHB Iván Marrero
|
0-0: Ball 1-0: Ball 2-0: Swinging Strike 2-1: Ball 3-1: Swinging Strike 3-2: Strikes out swinging
|
Batting: LHB Hye-yeon Kim
|
0-0: Swinging Strike 0-1: SINGLE (Line Drive, 78M, EV 102.5 MPH)
|
Batting: RHB Ahti Riikonen
|
0-0: Ball 1-0: Ball 2-0: Called Strike 2-1: Fly out, F9 (Flyball, 9D, EV 101.9 MPH)
|
Batting: SHB Dale Wallace
|
0-0: Ball 1-0: Called Strike 1-1: Called Strike 1-2: Fly out, F7 (Flyball, 78D, EV 95.6 MPH)
|
Top of the 8th over - 0 runs, 1 hit, 0 errors, 1 left on base; Huntington 2 - Smoky Mountain 1 |
BOTTOM OF THE 8TH |
Smoky Mountain Hobeaus batting - Pitching for Huntington Hermit Crabs : RHP Clifton Ladd
|
Batting: RHB Gustave Garavini
|
0-0: Ball 1-0: Ball 2-0: Ball 3-0: Base on Balls
|
Batting: LHB Jack Washington
|
0-0: Sac Bunt to 2L - play at second, runner safe!
|
Batting: RHB Graeme Wilshaw
|
0-0: Ball 1-0: Called Strike 1-1: Foul Ball, location: 2F 1-2: Ball 2-2: Ball 3-2: DOUBLE (Line Drive, 78XD, EV 100.6 MPH) Gustave Garavini scores Jack Washington to third
|
Batting: LHB Dale Edwards
|
0-0: Intentional Walk
|
Batting: SHB Lyndon Tipton
|
0-0: Ball 1-0: Ball 2-0: Foul Ball, location: 2F 2-1: Ball 3-1: Base on Balls Jack Washington scores Graeme Wilshaw to third Dale Edwards to second
|
Batting: RHB O-min Yi
|
0-0: Foul Ball, location: 2F 0-1: Swinging Strike 0-2: Ball 1-2: Ball 2-2: Grounds into fielders choice 6-2 (Groundball, 56, EV 82.5 MPH) Dale Edwards to third Lyndon Tipton to second
|
Batting: LHB Luis Chávez
|
0-0: Foul Ball, location: 2F 0-1: Foul Ball, location: 2F 0-2: Ball 1-2: Strikes out looking
|
Batting: SHB Cheol-chung Yi
|
0-0: Fielders Choice at 2nd, U4 (Groundball, 4M, EV 86.9 MPH)
|
Bottom of the 8th over - 2 runs, 1 hit, 0 errors, 3 left on base; Huntington 2 - Smoky Mountain 3 |
TOP OF THE 9TH |
Huntington Hermit Crabs batting - Pitching for Smoky Mountain Hobeaus : RHP Bruno Dares
|
Pitching: RHP Alex Thompson
|
|
Now at 1B: Dave Lewis
|
|
Batting: RHB Diego Altagracia
|
0-0: Ball 1-0: Ground out 6-3 (Groundball, 56S, EV 84.4 MPH)
|
Batting: LHB Santiago Montoya
|
0-0: Called Strike 0-1: Called Strike 0-2: Foul Ball, location: 2F 0-2: Ball 1-2: Strikes out swinging
|
Batting: RHB Wade Kinsey
|
0-0: Called Strike 0-1: SINGLE (Groundball, 6MD, EV 100.6 MPH)
|
Batting: RHB Kinnosuke Ozaki
|
0-0: Called Strike 0-1: Ball 1-1: Foul Ball, location: 2F 1-2: Foul Ball, location: 2F 1-2: Ball 2-2: Strikes out looking
|
Top of the 9th over - 0 runs, 1 hit, 0 errors, 1 left on base; Huntington 2 - Smoky Mountain 3 |
|